 Dungeon Crawl Stone Soup version 0.30-a0-613-gdd512c7efb (webtiles) character file.

Game seed: 10216161394252640949

340 OTABOTABOTAB the Conjurer (level 6, -4/32 HPs)
             Began as a Deep Elf Conjurer on Jan 8, 2023.
             Slain by a hornet (9 damage)
             ... on level 4 of the Dungeon.
             The game lasted 00:04:43 (3872 turns).

OTABOTABOTAB the Conjurer (Deep Elf Conjurer)       Turns: 3872, Time: 00:04:44

Health: -4/32      AC:  7    Str:  4    XL:     6   Next: 30%
Magic:  8/16       EV: 12    Int: 25    God:
Gold:   229        SH:  0    Dex: 13    Spells: 5/16 levels left

rFire   . . .      SeeInvis +    m - +1 short sword (elec)
rCold   . . .      Faith    .    (no shield)
rNeg    . . .      Spirit   .    a - +0 robe
rPois   .          Reflect  .    (no helmet)
rElec   .          Harm     .    t - +0 cloak
rCorr   .          Rampage  .    (no gloves)
Will    .....                    (no boots)
Stlth   ++                       (no amulet)
HPRegen 0.25/turn                V - ring of see invisible {sInv, !d}
MPRegen 0.15/turn                A - +4 ring of protection

@: lethally poisoned (-4 -> -8), very slightly contaminated, slowed, very slow
A: no striking features
a: no special abilities


You were on level 4 of the Dungeon.
You visited 1 branch of the dungeon, and saw 4 of its levels.

You collected 229 gold pieces.

Inventory:

Hand Weapons
 m - a +1 short sword of electrocution (weapon)
   (You took it off a kobold on level 1 of the Dungeon)
Missiles
 i - 8 poisoned darts
 s - 25 stones
Armour
 a - a +0 robe (worn)
 t - a +0 cloak (worn)
   (You took it off Crazy Yiuf on level 2 of the Dungeon)
Magical Staves
 e - a staff of poison {rPois}
   (You found it on level 1 of the Dungeon)
Jewellery
 o - an amulet of guardian spirit
   (You found it on level 2 of the Dungeon)
 A - a +4 ring of protection (right hand)
   (You found it on level 3 of the Dungeon)
 V - a ring of see invisible (left hand) {sInv, !d}
   (You found it on level 1 of the Dungeon)
Wands
 j - a wand of polymorph (8)
   (You took it off Crazy Yiuf on level 2 of the Dungeon)
 v - a wand of quicksilver (8)
   (You took it off Sigmund on level 2 of the Dungeon)
Scrolls
 c - 2 scrolls of magic mapping {unknown}
 d - a scroll of enchant armour {unknown}
 Y - 2 scrolls of teleportation {@r3}
Potions
 b - a potion of invisibility {unknown}
 f - a potion of curing {unknown}
 g - a potion of cancellation {unknown}
 h - a potion of lignification {unknown}
 l - 2 potions of degeneration {unknown}
 p - 2 potions of might {unknown}
 u - 2 potions of heal wounds {unknown}
 w - a potion of brilliance {unknown}


   Skills:
 - Level 2.4 Dodging
 - Level 2.4 Stealth
 + Level 5.8 Spellcasting
 + Level 6.1 Conjurations
 + Level 2.9 Hexes
 + Level 2.3 Translocations


You had 5 spell levels left.
You knew the following spells:

 Your Spells              Type           Power      Damage    Failure   Level
a - Magic Dart            Conj           100%       1d8       1%          1
b - Searing Ray           Conj           76%        2d7       1%          2
c - Fulminant Prism       Conj/Hex       14%        3d9       12%         4
x - Iskenderun's Mystic   Conj/Tloc      28%        2d7       13%         4

Your spell library contained the following spells:

 Spells                   Type           Power      Damage    Failure   Level
 Dazzling Flash           Conj/Hex       58%        N/A       3%          3
 Stone Arrow              Conj/Erth      44%        3d9       6%          3
 Sandblast                Erth           14%        2d6       8%          1
 Mephitic Cloud           Conj/Pois/Air  17%        N/A       10%         3
 Cigotuvi's Dreadful Rot  Necr/Pois/Air  14%        N/A       12%         2
 Passwall                 Tmut/Erth      5%         N/A       12%         2
 Poisonous Vapours        Pois/Air       14%        N/A       12%         2
 Summon Forest            Summ/Tloc      6%         N/A       78%         5
 Eringya's Noxious Bog    Tmut/Pois      3%         N/A       100%        6
 Summon Hydra             Summ           3%         N/A       100%        7


Dungeon Overview and Level Annotations

Branches:
Dungeon (4/15)
 Temple: D:4-7

Altars:

Annotations:
D:4 Dowan


Message History

Things that are here:
a +0 short sword; a scroll of vulnerability {!r!r} You now have 219 gold pieces (gained 19).
Found a stone staircase leading down.
MP restored: 16 No target in view!
Found a stone staircase leading up.
No target in view!
There is a stone staircase leading down here.
There is a stone staircase leading down here.
You now have 229 gold pieces (gained 10).
You enter the shallow water.
Moving in this stuff is going to be slow.
You enter the shallow water.
Moving in this stuff is going to be slow.
You enter the shallow water.
Moving in this stuff is going to be slow.
You enter the shallow water.
Moving in this stuff is going to be slow.
Partly explored, can't reach some places.
Partly explored, can't reach some places.
Partly explored, can't reach some places.
Partly explored, can't reach some places.
Partly explored, can't reach some places.
Partly explored, can't reach some places.
(D) Dungeon
Where to? (Enter - D:3, ? - help)
You enter the shallow water.
Moving in this stuff is going to be slow.
There is a stone staircase leading down here.
You climb downwards.
You hear the sound of rushing water.
There is an entrance to a sewer on this level.
Hurry and find it before the portal rusts away!
There is a stone staircase leading up here.
Okay, then.
Unknown command.
Aim: Duvessa, wielding a +0 short sword and wearing a +2 ring mail of cold resistance (asleep, 100% to hit)
The magic dart hits Duvessa.
Duvessa shouts!
You now have 15/16 mp.
Aim: Duvessa, wielding a +0 short sword and wearing a +2 ring mail of cold resistance (lightly wounded, 100% to hit)
The magic dart hits Duvessa but does no damage.
A hornet comes into view.
You now have 14/16 mp.
The spell is quite dangerous to miscast (12% risk of failure)!
Continue anyway?
You conjure a prism of explosive energy!
The hornet buzzes angrily.
A fulminant prism comes into view.
Dowan, Brother of Duvessa comes into view.
He is wielding a +0 dagger.
You now have 10/16 mp.
Your fulminant prism crackles loudly.
Dowan smirks and points a slender finger.
Duvessa says, "My weaknesses are his strengths!"
Dowan mumbles some strange words.
Dowan blinks!
The blast of energy engulfs Duvessa!
The blast of energy engulfs the hornet!
You hear an angry hiss. x2; You hear a shout!
You hear an angry hiss.
You hear a shout!
The spell is quite dangerous to miscast (13% risk of failure)!
Continue anyway?
You erupt in a blast of force!
The mystic blast hits Duvessa!
You now have 6/16 mp.
The spell is quite dangerous to miscast (13% risk of failure)!
Continue anyway?
You erupt in a blast of force!
The mystic blast hits the hornet.
The mystic blast hits Duvessa!
You hear a shout!
An adder comes into view.
Duvessa hits you with a +0 short sword.
You take 5 damage, and have 27/32 hp.
You now have 3/16 mp.
Unknown command.
Magic courses through your body.
The hornet stings you but does no damage. x2
Duvessa hits you with a +0 short sword.
You take 1 damage, and have 26/32 hp.
MP restored: 16 The spell is quite dangerous to miscast (13% risk of failure)!
Continue anyway?
You miscast Iskenderun's Mystic Blast.
You are very lightly contaminated with residual magic.
Nothing appears to happen.
The adder hisses angrily.
The hornet stings you!
You are poisoned.
You feel yourself slow down.
Duvessa says, "When magic and the sword combine, nothing stands against them."
Duvessa hits you with a +0 short sword.
* * * LOW HITPOINT WARNING * * *
You take 18 damage, and have 8/32 hp.
MASSIVE DAMAGE!!
You now have 12/16 mp.
The spell is quite dangerous to miscast (13% risk of failure)!
Continue anyway?
You erupt in a blast of force!
The mystic blast hits the adder.
The mystic blast hits Duvessa!
You kill Duvessa!
Dowan screams, "No!
Oh no!"
Dowan seems to find hidden reserves of power!
The mystic blast hits the hornet!
* * * LOW HITPOINT WARNING * * *
You feel very sick.
You hear an angry hiss.
You hear a shout!
The hornet stings you!
You die...

. .. .#.######
........##
.........
........######.
#...@S.$....
#..)y#......
..e...#.# .....
........# ....
..... ### ...
..... .. .... .
....


You could see a hornet, Dowan (fast) and an adder.

Vanquished Creatures
  Sigmund (D:2)
  Duvessa (D:4)
  Crazy Yiuf (D:2)
  Jessica (D:2)
  6 adders
  A worm (D:2)
  3 dart slugs
  An orc (D:3)
  2 endoplasms
  3 giant cockroaches
  8 goblins
  8 hobgoblins
  8 jackals
  8 kobolds
  A quokka (D:1)
  5 ball pythons
  3 bats
  5 frilled lizards
  6 rats
72 creatures vanquished.

Vanquished Creatures (others)
  2 fulminant prisms
  A fungus (D:2)
3 creatures vanquished.

Grand Total: 75 creatures vanquished

Notes
Turn   | Place    | Note
-------+----------+-------------------------------------------
     0 | D:1      | OTABOTABOTAB the Deep Elf Conjurer began the quest for the
                  | Orb.
     0 | D:1      | Reached XP level 1. HP: 10/10 MP: 6/6
   183 | D:1      | Reached XP level 2. HP: 15/15 MP: 5/8
   521 | D:1      | Learned a level 2 spell: Searing Ray
   579 | D:1      | Reached skill level 4 in Spellcasting
   686 | D:1      | Reached XP level 3. HP: 19/19 MP: 7/10
   720 | D:1      | Reached skill level 5 in Conjurations
  1591 | D:2      | Noticed Sigmund
  1765 | D:2      | Reached XP level 4. HP: 24/24 MP: 4/12
  1942 | D:2      | Learned a level 4 spell: Fulminant Prism
  1947 | D:2      | Learned a level 4 spell: Iskenderun's Mystic Blast
  2036 | D:2      | Noticed Jessica
  2039 | D:2      | Killed Jessica
  2040 | D:2      | Reached skill level 5 in Spellcasting
  2337 | D:2      | Reached skill level 1 in Hexes
  2456 | D:2      | Found a runed translucent door.
  2457 | D:2      | Noticed Crazy Yiuf
  2464 | D:2      | Killed Crazy Yiuf
  2465 | D:2      | Reached skill level 1 in Translocations
  2465 | D:2      | Reached XP level 5. HP: 16/28 MP: 4/14
  3073 | D:2      | Killed Sigmund
  3074 | D:2      | Reached skill level 6 in Conjurations
  3074 | D:2      | Reached skill level 2 in Hexes
  3074 | D:2      | Reached skill level 2 in Translocations
  3074 | D:2      | Reached XP level 6. HP: 27/32 MP: 8/16
  3862 | D:4      | Noticed Duvessa
  3864 | D:4      | Noticed a hornet
  3865 | D:4      | Noticed Dowan
  3871 | D:4      | HP: 8/32 [Duvessa/+0 short sword (6)]
  3872 | D:4      | Killed Duvessa
  3872 | D:4      | Slain by a hornet

Illustrated notes

Levels and vault maps discovered:
D:1:      tarquinn_simple_flora_water_b, layout_basic, minmay_misc_feat_tiny
D:2:      minmay_recursive_quarters, layout_loops_corners,
          nicolae_concentric_dashed_squares_wild, minmay_three_crescents,
          uniq_sigmund, uniq_crazy_yiuf_cottage, uniq_jessica
D:3:      layout_rooms, chequers_serial_rivers_large_a, hex_intersection
D:4:      layout_basic, gup_sewer_entry_spiral, minmay_misc_feat_cross,
          uniq_ijyb, uniq_duvessa

Skill      XL: |  1  2  3  4  5 |
---------------+----------------+-----
Spellcasting   | 4 5 |  5.8
Conjurations   | 5 6 |  6.1
Hexes          | 1 2 |  2.9
Translocations | 1 2 |  2.3
Dodging        | |  2.4
Stealth        | |  2.4

Action                   |  1- 3 |  4- 6 || total
-------------------------+-------+-------++-------
Melee: Club              |     1 |       ||     1
       Short sword       |     3 |     1 ||     4
 Cast: Magic Dart        |    71 |    53 ||   124
       Searing Ray       |     5 |     5 ||    10
       Iskenderun's Myst |       |     4 ||     4
       Fulminant Prism   |       |     2 ||     2
  Use: Scroll            |       |     6 ||     6
       Potion            |       |     1 ||     1
Armor: Robe              |     2 |     2 ||     4
Dodge: Dodged            |     5 |       ||     5

Table legend: (Time is in decaauts)
 A = Elapsed time spent in this place.
 B = Non-inter-level travel time spent in this place.
 C = Inter-level travel time spent in this place.
 D = Time resting spent in this place.
 E = Time spent auto-exploring this place.
 F = Levels seen in this place.
 G = Mean time per level.
                   A        B        C        D        E       F      G
               +--------+--------+--------+--------+--------+-----+--------+
         Total |   3878 |   3786 |     92 |    193 |   3271 |   4 |  969.5 |
       Dungeon |   3878 |   3786 |     92 |    193 |   3271 |   4 |  969.5 |
               +--------+--------+--------+--------+--------+-----+--------+

Top non-repeatable levels by time:
     D:2: 1819 daAuts
     D:1: 1328 daAuts
     D:3: 719 daAuts
     D:4: 9 daAuts

Table legend:
 A = Kills in this place as a percentage of kills in entire the game.
 B = Kills by you in this place as a percentage of kills by you in the entire game.
 C = Kills by friends in this place as a percentage of kills by friends in the entire game.
 D = Other kills in this place as a percentage of other kills in the entire game.
 E = Experience gained in this place as a percentage of experience gained in the entire game.
 F = Experience gained in this place divided by the number of levels of this place that you have seen.
                   A       B       C       D       E      F
               +-------+-------+-------+-------+-------+----------------------
         Total | 100.0 | 100.0 |   N/A |   N/A | 100.0 | 157.0
       Dungeon | 100.0 | 100.0 |   N/A |   N/A | 100.0 | 157.0
               +-------+-------+-------+-------+-------+----------------------
